 Dungeon Crawl Stone Soup version 0.28-a0-556-gab23d0e057 (webtiles) character file.

Game seed: 2689630452294633008

9594 frimble the Frost Mage (level 11, 0/123 HPs)
             Began as a Gnoll Ice Elementalist on Sept 28, 2021.
             Engulfed by a death drake's foul pestilence (4 damage)
             ... in a Gauntlet.
             The game lasted 00:17:26 (13262 turns).

frimble the Frost Mage (Gnoll Ice Elementalist)    Turns: 13262, Time: 00:17:27

Health: 0/123      AC: 25    Str: 15    XL:     11   Next: 48%
Magic:  23/23      EV:  2    Int: 21    God:
Gold:   538        SH:  0    Dex: 12    Spells: 19/26 levels left

rFire   . . .      SeeInvis .   b - +9 great sword of the Souls {vorpal, Drain Fly rN+++ Int+2}
rCold   + . .      Faith    .   (shield currently unavailable)
rNeg    + + +      Spirit   .   (armour currently unavailable)
rPois   +          Reflect  .   (helmet currently unavailable)
rElec   .          Harm     .   (cloak currently unavailable)
rCorr   .          Rampage  .   (gloves currently unavailable)
Will    .....      NoTele   +   (boots currently unavailable)
Stlth   ++++......              w - amulet of the acrobat
HPRegen 0.30/turn               y - ring of Luwkog {rC+ rN++ Str+6}
MPRegen 0.18/turn               p - ring of poison resistance

@: lethally poisoned (0 -> -20), tree-form (expiring), slowed, very slow
A: stationary, stasis, torment immunity, boosted hp, (fangs 1), strong nose,
distributed training, (large bone plates 1), clever 1
a: no special abilities


You were in a Gauntlet.
You were a tree.
You visited 2 branches of the dungeon, and saw 12 of its levels.
You also visited: Gauntlet.

You collected 538 gold pieces.

Inventory:

Hand Weapons
 a - a +2 short sword of protection
 b - the +9 great sword of the Souls (weapon) {vorpal, Drain Fly rN+++ Int+2}
   (You took it off a centaur on level 9 of the Dungeon)

   It inflicts extra damage upon your enemies.
   Int:       It affects your intelligence (+2).
   rN:        It renders you almost immune to negative energy.
   Fly:       It grants you flight.
   Drain:     It drains your maximum health when unequipped.
 g - a +0 broad axe of flaming
 k - a +1 dagger of flaming
 E - a +2 dagger of holy wrath
 S - a +2 dagger of venom
Missiles
 A - 2 throwing nets
 U - 3 curare-tipped darts
Armour
 j - a +2 kite shield
 u - +2 steam dragon scales (melded)
 F - +0 gold dragon scales
 L - a +2 cloak (melded)
 N - a +0 pair of gloves (melded)
 Q - a +0 pair of boots (melded)
Jewellery
 p - a ring of poison resistance (right branch)
 v - an amulet of reflection
 w - an amulet of the acrobat (around neck)
 y - the ring of Luwkog (left branch) {rC+ rN++ Str+6}
   (You took it off a goblin on level 4 of the Dungeon)

   [ring of strength]

   Str:       It affects your strength (+6).
   rC:        It protects you from cold.
   rN:        It greatly protects you from negative energy.
 B - an amulet of faith
 J - a ring of willpower
 K - a ring of positive energy
 P - an amulet of magic regeneration
Wands
 e - a wand of charming (9)
 o - a wand of iceblast (7)
 r - a wand of flame (7)
 M - a wand of digging (3)
 O - a wand of polymorph (6)
Scrolls
 c - 2 scrolls of amnesia
 d - 5 scrolls of immolation
 l - 3 scrolls of enchant armour
 x - 2 scrolls of teleportation
 z - 2 scrolls of noise
 D - a scroll of magic mapping
 I - a scroll of enchant weapon
Potions
 f - a potion of attraction
 h - 4 potions of curing
 i - 2 potions of heal wounds
 m - 2 potions of resistance
 n - a potion of invisibility
 q - 2 potions of flight
 s - a potion of haste
 t - 2 potions of mutation
 C - 2 potions of ambrosia
 G - 3 potions of cancellation
 H - a potion of lignification
 V - a potion of might {unknown}


   Skills:
 + Level 6.3 Fighting
 + Level 6.3 Short Blades
 + Level 6.3 Long Blades
 + Level 6.3 Axes
 + Level 6.3 Maces & Flails
 + Level 6.3 Polearms
 + Level 6.3 Staves
 + Level 6.3 Slings
 + Level 6.3 Bows
 + Level 6.3 Crossbows
 + Level 6.3 Throwing
 + Level 6.3 Armour
 + Level 7.9 Dodging
 + Level 7.7 Stealth
 + Level 6.3 Shields
 + Level 6.3 Unarmed Combat
 + Level 8.2 Spellcasting
 + Level 5.2 Conjurations
 + Level 5.2 Hexes
 + Level 5.2 Summonings
 + Level 5.2 Necromancy
 + Level 5.2 Translocations
 + Level 5.2 Transmutations
 + Level 5.2 Fire Magic
 + Level 9.0 Ice Magic
 + Level 5.2 Air Magic
 + Level 5.2 Earth Magic
 + Level 5.2 Poison Magic
 + Level 7.0 Invocations
 + Level 6.3 Evocations


You had 19 spell levels left.
You knew the following spells:

 Your Spells              Type           Power      Damage    Failure   Level
a - Freeze                Ice            100%       1d11      1%          1
b - Ozocubu's Armour      Ice            46%        N/A       1%          3
c - Frozen Ramparts       Ice            92%        1d11      1%          3

Your spell library contained the following spells:

 Spells                   Type           Power      Damage    Failure   Level
 Shock                    Conj/Air       100%       1d9       1%          1
 Gell's Gravitas          Tloc           15%        N/A       2%          3
 Lesser Beckoning         Tloc           30%        N/A       2%          3
 Swiftness                Air            30%        N/A       2%          3
 Teleport Other           Tloc           30%        N/A       2%          3
 Hailstorm                Conj/Ice       38%        3d9       4%          4
 Airstrike                Air            15%        N/A       9%          4
 Petrify                  Tmut/Erth      30%        N/A       9%          4
 Metabolic Englaciation   Hex/Ice        19%        N/A       12%         5
 Simulacrum               Ice/Necr       19%        N/A       54%         6
 Statue Form              Tmut/Erth      20%        N/A       80%         6


Dungeon Overview and Level Annotations

Branches:
Dungeon (11/15)            Temple (1/1) D:5            Lair (0/6) D:8
    Orc (0/2) D:11        Gauntlet (1/1)

Altars:
Ashenzari
Cheibriados
Elyvilon
Gozag
Makhleb
Nemelex Xobeh
Okawaru
Ru
Sif Muna
Trog
Vehumet
Xom
Yredelemnul

Shops:
D:5 (

Annotations:
D:5 3 runed translucent doors, CraigForest's ghost, novice TeAE
D:6 Blork the orc Gauntlet 13 transporters, exclusion: 2 lightning spires


Innate Abilities, Weirdness & Mutations

You are a tree.
Your roots penetrate the ground, keeping you stationary.
You cannot be teleported.
You are immune to unholy pain and torment.
Your maximum health is greatly increased.
Your equipment is partially melded.
((You have very sharp teeth.))
Your uncanny sense of smell can sniff out nearby items.
Your experience applies equally to all skills.
((You are partially covered in large bone plates. (SH +4)))
Your mind is acute. (Int +2)


Message History

The spectral centaur warrior kicks you but does no damage.
The death drake bites you.
* * * LOW HITPOINT WARNING * * *
The spectral centaur warrior hits you but does no damage.
The spectral centaur warrior kicks you but does no damage.
The death drake bites you but does no damage.
The spectral centaur warrior hits you but does no damage.
The spectral centaur warrior kicks you but does no damage.
The death drake bites you but does no damage.
Unknown command.
Unknown command.
Unknown command.
Unknown command.
Unknown command.
Okay, then.
Unknown command.
Unknown command.
Aiming: Charm
Press: ? - help, Shift-Dir - straight line, f - death drake
Aim: a death drake (moderately wounded, chance to affect: 48%)
The death drake resists with some effort.
You are engulfed in dark miasma.
You feel as though you will be slow longer.
* * * LOW HITPOINT WARNING * * *
Your transformation is almost over.
The spectral centaur warrior hits you but does no damage.
The spectral centaur warrior kicks you but does no damage.
The death drake breathes miasma at you. The foul vapour engulfs you.
* * * LOW HITPOINT WARNING * * *
The spectral centaur warrior hits you but does no damage.
The spectral centaur warrior kicks you but does no damage.
The death drake bites you but does no damage.
Aiming: Charm
Press: ? - help, Shift-Dir - straight line, f/p - death drake
Aim: a death drake (foul pestilence, moderately wounded, catching its breath, chance to affect: 48%)
The death drake resists with some effort.
You are engulfed in dark miasma.
You are lethally poisoned!
You die...

.tbbh#.#.#...§.^...#.#.#....©....
...#.#.#.#.^##.##^.#.#.#.#.....#.
..##b#.#.#[##...##.#.#.#..#####..
.##..#.#.#!#.○Z.^#.#.#.#..##.##..
©....#.#©#©..○○○.Z.#©#.#x...©....
###..#.###!#^○○.^#.###.#..##.##..
..##.#...#.##°..##°#...#..#####..
...#h#...#.^##°##Z°#...#.#..gg.#.
©bbbb#...#....Zk♣°°#...#....x....
######.§.###########...##########
.......≈.............≈......©....
......≈8≈...........≈8≈........∩.
.......§.............≈......©....
######...###########...##########
©=[.2#...#......h^.#...###.##.##.
...#.#...#.##^.^##.#...##..##.##.
.#.#.#...#(#8#.#.#.#...#.G...#...


You could see a death drake (catching breath), a spectral wolf spider, a
spectral centaur warrior and a raiju.

Vanquished Creatures
  A centaur warrior (D:9)
  2 two-headed ogres
  Sonja (D:10)
  An orb spider (shapeshifter) (D:9)
  A cyclops (D:9)
  Maggie (D:6)
  A troll (D:9)
  Grinder (D:6)
  Sigmund (D:6)
  A vampire (D:10)
  3 wraiths
  10 yaks
  Eustachio (D:4)
  A steam dragon (D:9)
  A water moccasin (D:7)
  2 acid dragons
  4 ice beasts
  2 orc warriors
  A necrophage (D:8)
  4 centaurs
  3 phantoms
  A kobold brigand (D:10)
  3 bullfrogs
  A gnoll sergeant (D:7)
  5 scorpions
  A killer bee (D:9)
  4 howler monkeys
  2 bullfrog zombies
  2 centaur zombies
  3 hounds (D:5)
  4 orc priests
  A jelly (D:6)
  4 iguanas
  8 orc wizards
  3 killer bee zombies
  9 gnolls
  10 adders
  2 white imps (D:7)
  4 worms
  5 dart slugs
  19 orcs
  5 ball pythons
  5 bats
  8 endoplasms
  6 giant cockroaches
  6 goblins
  5 hobgoblins
  4 jackals (D:2)
  7 quokkas
  7 frilled lizards
  18 kobolds
  9 rats
214 creatures vanquished.

Vanquished Creatures (others)
  A kobold brigand (D:9)
  An orc (D:9)
  A butterfly (D:9)
  22 demonic plants (Gauntlet)
25 creatures vanquished.

Grand Total: 239 creatures vanquished

Notes
Turn   | Place    | Note
-------+----------+-------------------------------------------
     0 | D:1      | frimble the Gnoll Ice Elementalist began the quest for the
                  | Orb.
     0 | D:1      | Reached XP level 1. HP: 13/13 MP: 6/6
   217 | D:1      | Reached XP level 2. HP: 14/19 MP: 4/7
   739 | D:1      | Reached XP level 3. HP: 23/25 MP: 9/9
   783 | D:1      | Reached skill level 5 in Spellcasting
   801 | D:1      | Found a faded altar of an unknown god.
  1064 | D:2      | Reached skill level 1 in Invocations
  1371 | D:2      | Reached skill level 1 in Fighting
  1371 | D:2      | Reached skill level 1 in Short Blades
  1371 | D:2      | Reached skill level 1 in Long Blades
  1371 | D:2      | Reached skill level 1 in Axes
  1371 | D:2      | Reached skill level 1 in Maces & Flails
  1371 | D:2      | Reached skill level 1 in Polearms
  1371 | D:2      | Reached skill level 1 in Staves
  1371 | D:2      | Reached skill level 1 in Slings
  1371 | D:2      | Reached skill level 1 in Bows
  1371 | D:2      | Reached skill level 1 in Crossbows
  1371 | D:2      | Reached skill level 1 in Throwing
  1371 | D:2      | Reached skill level 1 in Armour
  1371 | D:2      | Reached skill level 1 in Shields
  1371 | D:2      | Reached skill level 1 in Unarmed Combat
  1371 | D:2      | Reached skill level 1 in Evocations
  1429 | D:2      | Learned a level 3 spell: Ozocubu's Armour
  1433 | D:2      | Learned a level 3 spell: Frozen Ramparts
  1541 | D:2      | Reached XP level 4. HP: 32/32 MP: 11/11
  2088 | D:2      | Reached skill level 1 in Conjurations
  2088 | D:2      | Reached skill level 1 in Hexes
  2088 | D:2      | Reached skill level 1 in Summonings
  2088 | D:2      | Reached skill level 1 in Necromancy
  2088 | D:2      | Reached skill level 1 in Translocations
  2088 | D:2      | Reached skill level 1 in Transmutations
  2088 | D:2      | Reached skill level 1 in Fire Magic
  2088 | D:2      | Reached skill level 1 in Air Magic
  2088 | D:2      | Reached skill level 1 in Earth Magic
  2088 | D:2      | Reached skill level 1 in Poison Magic
  2622 | D:3      | Reached XP level 5. HP: 37/37 MP: 12/12
  3302 | D:4      | Noticed Eustachio
  3340 | D:4      | Killed Eustachio
  3341 | D:4      | Reached skill level 5 in Dodging
  3341 | D:4      | Reached XP level 6. HP: 28/44 MP: 3/14
  3458 | D:4      | Found an opulent altar of Gozag.
  3762 | D:4      | Found an iron altar of Okawaru.
  4221 | D:4      | Reached XP level 7. HP: 43/50 MP: 15/15
  4371 | D:4      | Found a sparkling altar of Nemelex Xobeh.
  4501 | D:4      | Identified the ring of Luwkog {rC+ rN++ Str+6}
  4700 | D:5      | Entered Level 5 of the Dungeon
  4706 | D:5      | Found Yrinek's Weapon Shoppe.
  5056 | D:5      | Reached skill level 5 in Stealth
  5118 | D:5      | Found a radiant altar of Vehumet.
  5180 | D:5      | Found a staircase to the Ecumenical Temple.
  5332 | D:5      | Reached XP level 8. HP: 49/57 MP: 16/16
  5551 | D:5      | Found a runed translucent gate.
  5551 | D:5      | Found a runed translucent gate.
  5551 | D:5      | Found a runed translucent gate.
  5553 | D:5      | Noticed CraigForest's ghost (novice TeAE)
  5814 | D:5      | Found a burning altar of Makhleb.
  6237 | D:6      | Noticed Blork the orc
  6318 | D:6      | Noticed Sigmund
  6319 | D:6      | Noticed Grinder
  6336 | D:6      | Killed Sigmund
  6346 | D:6      | Gained mutation: Your mind is acute. (Int +2) [potion of
                  | mutation]
  6346 | D:6      | Gained mutation: You are partially covered in large bone
                  | plates. (SH +4) [potion of mutation]
  6369 | D:6      | Paralysed by Grinder for 7 turns
  6385 | D:6      | Paralysed by Grinder for 5 turns
  6394 | D:6      | Killed Grinder
  6878 | D:6      | Noticed Maggie
  6891 | D:6      | Killed Maggie
  6892 | D:6      | Reached XP level 9. HP: 49/65 MP: 9/18
  7483 | D:7      | Noticed a two-headed ogre
  7505 | D:7      | Killed a two-headed ogre
  7506 | D:7      | Reached skill level 8 in Ice Magic
  7726 | D:7      | Reached skill level 5 in Invocations
  7920 | D:7      | Noticed a moth of wrath
  7922 | D:7      | Found a bloodstained altar of Trog.
  8233 | D:7      | Reached XP level 10. HP: 72/73 MP: 20/20
  8906 | D:8      | Reached skill level 5 in Fighting
  8906 | D:8      | Reached skill level 5 in Short Blades
  8906 | D:8      | Reached skill level 5 in Long Blades
  8906 | D:8      | Reached skill level 5 in Axes
  8906 | D:8      | Reached skill level 5 in Maces & Flails
  8906 | D:8      | Reached skill level 5 in Polearms
  8906 | D:8      | Reached skill level 5 in Staves
  8906 | D:8      | Reached skill level 5 in Slings
  8906 | D:8      | Reached skill level 5 in Bows
  8906 | D:8      | Reached skill level 5 in Crossbows
  8906 | D:8      | Reached skill level 5 in Throwing
  8906 | D:8      | Reached skill level 5 in Armour
  8906 | D:8      | Reached skill level 5 in Shields
  8906 | D:8      | Reached skill level 5 in Unarmed Combat
  8906 | D:8      | Reached skill level 5 in Evocations
  9447 | D:8      | Found a staircase to the Lair.
  9760 | Temple   | Entered the Ecumenical Temple
 10095 | D:9      | Found a snail-covered altar of Cheibriados.
 10098 | D:9      | Found a shimmering blue altar of Sif Muna.
 10101 | D:9      | Found a basalt altar of Yredelemnul.
 10104 | D:9      | Found a sacrificial altar of Ru.
 10173 | D:9      | Found a white marble altar of Elyvilon.
 10587 | D:9      | Found a broken altar of Ashenzari.
 10681 | D:9      | Noticed a two-headed ogre
 10693 | D:9      | Noticed a centaur warrior
 10695 | D:9      | Killed a two-headed ogre
 10696 | D:9      | Reached XP level 11. HP: 30/81 MP: 16/22
 10716 | D:9      | Killed a centaur warrior
 10930 | D:9      | Noticed an orb spider
 10930 | D:9      | a wind drake changed into an orb spider
 10949 | D:9      | Killed an orb spider
 10950 | D:9      | Reached skill level 5 in Conjurations
 10950 | D:9      | Reached skill level 5 in Hexes
 10950 | D:9      | Reached skill level 5 in Summonings
 10950 | D:9      | Reached skill level 5 in Necromancy
 10950 | D:9      | Reached skill level 5 in Translocations
 10950 | D:9      | Reached skill level 5 in Transmutations
 10950 | D:9      | Reached skill level 5 in Fire Magic
 10950 | D:9      | Reached skill level 5 in Air Magic
 10950 | D:9      | Reached skill level 5 in Earth Magic
 10950 | D:9      | Reached skill level 5 in Poison Magic
 10977 | D:9      | Noticed a cyclops
 10986 | D:9      | Killed a cyclops
 11540 | D:9      | Identified the +9 great sword of the Souls {vorpal, Drain
                  | Fly rN+++ Int+2}
 11936 | D:10     | Entered Level 10 of the Dungeon
 12176 | D:10     | Found a shimmering altar of Xom.
 12191 | D:10     | Noticed Sonja
 12197 | D:10     | Killed Sonja
 12647 | D:11     | Noticed a seven-headed hydra
 12702 | D:11     | Found a gate leading to a gauntlet.
 12707 | D:11     | Reached skill level 9 in Ice Magic
 12713 | Gauntlet | Entered a Gauntlet
 12713 | Gauntlet | Found a transporter.
 12713 | Gauntlet | Found a transporter.
 12725 | Gauntlet | Noticed a shining eye
 12747 | Gauntlet | Noticed a worldbinder
 12874 | Gauntlet | Found a transporter.
 12876 | Gauntlet | Found a transporter.
 12884 | Gauntlet | Found a transporter.
 12892 | Gauntlet | Noticed a blizzard demon
 12893 | Gauntlet | Found a transporter.
 12893 | Gauntlet | Noticed a death drake
 12894 | Gauntlet | Found a transporter.
 12894 | Gauntlet | Found a transporter.
 12906 | Gauntlet | Noticed a fire crab
 12923 | Gauntlet | Found a transporter.
 12943 | Gauntlet | Found a transporter.
 12953 | Gauntlet | Found a transporter.
 12997 | Gauntlet | Found a transporter.
 13013 | Gauntlet | Found a transporter.
 13112 | Gauntlet | Found a transporter.
 13126 | Gauntlet | Found a transporter.
 13139 | Gauntlet | Found a transporter.
 13258 | Gauntlet | HP: 6/123 [death drake (2)]
 13262 | Gauntlet | Engulfed by a death drake's foul pestilence

Illustrated notes

Levels and vault maps discovered:
D:1:      heliophobic_arrival_henge, layout_rooms,
          shapermc_ecumenical_altar_mp_vishouse
D:2:      layout_loops_ring, hangedman_decor_push, minmay_mini_jars
D:3:      kennysheep_big_flooded_room, layout_rooms
D:4:      layout_gridville, nemelex_dance_club_becter,
          nicolae_gozag_cash_rules_everything_around_me,
          mainiacjoe_overflow_catwalk, uniq_eustachio
D:5:      layout_loops_ring, makhleb_heckhound_becter,
          mainiacjoe_overflow_boulevard, minmay_temple_entry_glass,
          serial_shops, shop, gammafunk_ghost_necromancy, glass_columns_b
D:6:      layout_basic, uniq_maggie, uniq_sigmund, uniq_blork_the_orc,
          uniq_grinder
D:7:      layout_loops_ring, tgw_trog
D:8:      layout_basic, lair_entry_dummy, eino_curves_04
D:9:      layout_small_grid, mainiacjoe_overflow_six_doors_small,
          grunt_temple_overflow_cloverleaf, nicolae_elyvilon_peaceful_grove,
          minmay_fractal_squares_gapless_7
D:10:     layout_irregular_city, xom_teletrap_fun, uniq_sonja
D:11:     layout_roguey, erik_orc_2, gauntlet_entry_generic, hangedman_ranch
Temple:   nicolae_temple_figure_zero
Gauntlet: gammafunk_gauntlet_branching [gammafunk_gauntlet_arena_crates,
          nicolae_gauntlet_arena_blocks, gammafunk_gauntlet_arena_teeth,
          gammafunk_gauntlet_arena_corners,
          gammafunk_gauntlet_arena_split_diamond,
          gammafunk_gauntlet_arena_hedges, nicolae_gauntlet_arena_grate_2,
          gammafunk_gauntlet_arena_split_x, gauntlet_exit_spiral]

Skill      XL: |  1  2  3  4  5  6  7  8  9 10 11 |
---------------+----------------------------------+-----
Spellcasting   | 5 6 7 8 |  8.2
Invocations    | 1 2 3 4 5 6 7 |  7.0
Fighting       | 1 2 3 4 5 6 |  6.3
Short Blades   | 1 2 3 4 5 6 |  6.3
Long Blades    | 1 2 3 4 5 6 |  6.3
Axes           | 1 2 3 4 5 6 |  6.3
Maces & Flails | 1 2 3 4 5 6 |  6.3
Polearms       | 1 2 3 4 5 6 |  6.3
Staves         | 1 2 3 4 5 6 |  6.3
Slings         | 1 2 3 4 5 6 |  6.3
Bows           | 1 2 3 4 5 6 |  6.3
Crossbows      | 1 2 3 4 5 6 |  6.3
Throwing       | 1 2 3 4 5 6 |  6.3
Armour         | 1 2 3 4 5 6 |  6.3
Shields        | 1 2 3 4 5 6 |  6.3
Unarmed Combat | 1 2 3 4 5 6 |  6.3
Evocations     | 1 2 3 4 5 6 |  6.3
Conjurations   | 1 2 3 4 5 |  5.2
Hexes          | 1 2 3 4 5 |  5.2
Summonings     | 1 2 3 4 5 |  5.2
Necromancy     | 1 2 3 4 5 |  5.2
Translocations | 1 2 3 4 5 |  5.2
Transmutations | 1 2 3 4 5 |  5.2
Fire Magic     | 1 2 3 4 5 |  5.2
Air Magic      | 1 2 3 4 5 |  5.2
Earth Magic    | 1 2 3 4 5 |  5.2
Poison Magic   | 1 2 3 4 5 |  5.2
Dodging        | 5 6 7 |  7.9
Stealth        | 5 6 7 |  7.7
Ice Magic      | 8 9 |  9.0

Action                   |  1- 3 |  4- 6 |  7- 9 | 10-12 || total
-------------------------+-------+-------+-------+-------++-------
Melee: Unarmed           |    11 |       |       |       ||    11
       Dagger            |    11 |    20 |    79 |    16 ||   126
       Bite              |     4 |    11 |    39 |    50 ||   104
       Short sword       |    96 |   138 |   319 |   393 ||   946
       Punch             |       |     1 |     5 |     1 ||     7
       Great sword       |       |       |       |    24 ||    24
 Cast: Freeze            |    18 |    18 |       |     7 ||    43
       Frozen Ramparts   |       |     3 |    11 |    13 ||    27
       Ozocubu's Armour  |       |     3 |    11 |    14 ||    28
Evoke: Wand              |       |       |     7 |     7 ||    14
  Use: Scroll            |       |     4 |       |    15 ||    19
       Potion            |       |       |     7 |     6 ||    13
 Stab: Sleeping          |     8 |    12 |    12 |     5 ||    37
Armor: Robe              |    55 |    67 |    66 |       ||   188
       Steam dragon scal |       |       |    70 |   204 ||   274
       Skin              |       |       |       |    61 ||    61
Dodge: Dodged            |   102 |   126 |   228 |   269 ||   725
Block: Other             |       |       |    37 |     6 ||    43
       Buckler           |       |       |       |   182 ||   182

Table legend: (Time is in decaauts)
 A = Elapsed time spent in this place.
 B = Non-inter-level travel time spent in this place.
 C = Inter-level travel time spent in this place.
 D = Time resting spent in this place.
 E = Time spent auto-exploring this place.
 F = Levels seen in this place.
 G = Mean time per level.
                   A        B        C        D        E       F      G
               +--------+--------+--------+--------+--------+-----+--------+
         Total |  13196 |  12657 |    539 |      0 |  10271 |  13 | 1015.1 |
       Dungeon |  12638 |  12100 |    538 |      0 |   9851 |  11 | 1148.9 |
        Temple |      1 |      0 |      1 |      0 |      0 |   1 |    1.0 |
      Gauntlet |    556 |    556 |      0 |      0 |    420 |   1 |  556.0 |
               +--------+--------+--------+--------+--------+-----+--------+

Top non-repeatable levels by time:
     D:9: 2008 daAuts
     D:4: 1417 daAuts
     D:2: 1395 daAuts
     D:5: 1394 daAuts
     D:6: 1373 daAuts
     D:8: 1190 daAuts
     D:7: 1186 daAuts
     D:1: 1055 daAuts
     D:3: 838 daAuts
    D:10: 695 daAuts
Gauntlet: 556 daAuts
    D:11: 81 daAuts
  Temple: 1 daAuts
